AoeStats
← NTM.daniel.echeverri3

Arena

510512977Analyzed
1v1 RM · 2d ago on Oct 1, 2026· 25m 49s· 2 players
Game mode
Random Map
Map size
Tiny (2 player)
Population
200
Speed
Normal
Resources
Standard
Victory
Conquest
Starting age
Dark Age
Ending age
Imperial Age
RankedLock teamsTeams togetherTeam positionsShared explorationLock speedFull tech treeHidden civsTurbo modeCheats
Victory
Defeat
🇨🇳 Bohemians · China
1126
+14
🇨🇴 Malians · Colombia
1089
-14
NTM.daniel.echeverri3
10:41 Feudal Age
12:09 Loom
15:04 Castle Age
16:34 Double-Bit Axe
24:39 Fletching
kddk
9:44 Feudal Age
10:14 Double-Bit Axe
12:38 Loom
14:54 Castle Age
13:21 Horse Collar
17:26 Chemistry
18:39 Loom
19:04 Padded Archer Armor
21:43 Wheelbarrow
21:30 Bow Saw
Connection lost

Rejoining the realm…

Still unreachable

The connection could not be restored.

Session expired

The server has moved on; the page needs a fresh start.